 Dungeon Crawl Stone Soup version 0.30-a0-462-gd5975efbca (webtiles) character file.

Game seed: 11357947112468825093

72771 porpoise the End of an Era (level 15, 0/207 HPs)
             Began as a Hill Orc Monk on Dec 17, 2022.
             Was the Champion of Qazlal.
             Slain by a freezing wraith (2 damage)
             ... in an ice cave.
             The game lasted 01:30:37 (19862 turns).

porpoise the End of an Era (Hill Orc Monk)         Turns: 19862, Time: 01:30:37

Health: 0/207      AC: 15    Str: 22    XL:     15   Next: 41%
Magic:  29/29      EV: 20    Int: 10    God:    Qazlal [******]
Gold:   751        SH:  8    Dex: 13    Spells: 14/14 levels left

rFire   + + .      SeeInvis .    a - +2 war axe (vamp)
rCold   + + +      Faith    .    (no shield)
rNeg    . . .      Spirit   .    e - +1 scale mail
rPois   +          Reflect  .    E - +2 helmet
rElec   +          Harm     .    Q - scarf {rC+ rF+}
rCorr   +          Rampage  .    (no gloves)
Will    +....                    K - +1 pair of boots
Stlth   ..........               f - amulet of regeneration
HPRegen 1.34/turn                z - +4 ring of evasion
MPRegen 0.21/turn                v - +4 ring of evasion

@: berserking, resistant, protected from cold, slowed, repel missiles
A: no striking features
a: Renounce Religion, Upheaval, Elemental Force, Disaster Area


You were in an ice cave.
You worshipped Qazlal.
Qazlal was exalted by your worship.
You visited 3 branches of the dungeon, and saw 20 of its levels.
You also visited: Ossuary and Ice Cave.

You collected 1290 gold pieces.
You spent 539 gold pieces at shops.

Inventory:

Hand Weapons
 a - a +2 vampiric war axe (weapon)
 b - a +3 dire flail of draining
 A - a +0 broad axe
Missiles
 k - 6 poisoned darts
 y - 8 boomerangs (quivered)
 F - 2 curare-tipped darts
Armour
 e - a +1 scale mail (worn)
 E - a +2 helmet (worn)
 K - a +1 pair of boots (worn)
 Q - a scarf of resistance (worn)
Jewellery
 f - an amulet of regeneration (around neck)
 i - an amulet of the acrobat
 j - a ring of resist corrosion
 u - a +6 ring of strength
 v - a +4 ring of evasion (right hand)
 z - a +4 ring of evasion (left hand)
Wands
 s - a wand of paralysis (28)
 w - a wand of iceblast (4)
 R - a wand of flame (21)
 X - a wand of light (8)
 Y - a wand of mindburst (8)
Scrolls
 h - 3 scrolls of fog
 l - 2 scrolls of summoning
 m - 3 scrolls of magic mapping
 o - 2 scrolls of poison
 q - a scroll of torment
 t - 7 scrolls of teleportation
 H - 5 scrolls of fear
 I - 2 scrolls of identify
 N - 2 scrolls of vulnerability
Potions
 d - 6 potions of might
 g - a potion of cancellation
 n - 2 potions of berserk rage
 p - a potion of invisibility
 r - a potion of brilliance
 x - 7 potions of curing
 G - 4 potions of haste
 M - 5 potions of lignification
 O - a potion of attraction
 T - 5 potions of resistance
Miscellaneous
 D - a lightning rod (4/4)
 U - a phial of floods
 V - a box of beasts


   Skills:
 - Level 14.0 Fighting
 - Level 16.0 Axes
 + Level 2.0(9.0) Maces & Flails
 - Level 6.0 Throwing
 + Level 9.2 Armour
 + Level 6.2 Dodging
 - Level 1.5 Stealth
 - Level 21.0 Invocations
 - Level 5.0 Evocations


You had 14 spell levels left.
You didn't know any spells.
Your spell library contained the following spells:

 Spells                   Type           Power      Damage    Failure   Level
 Sting                    Tmut/Pois      0%         1d3       65%         1
 Summon Small Mammal      Summ           0%         N/A       65%         1
 Poisonous Vapours        Pois/Air       0%         N/A       78%         2
 Call Canine Familiar     Summ           0%         N/A       95%         3
 Dazzling Flash           Conj/Hex       0%         N/A       95%         3
 Ignite Poison            Fire/Tmut/Pois 0%         N/A       95%         3
 Stone Arrow              Conj/Erth      0%         3d7       95%         3
 Summon Guardian Golem    Hex/Summ       0%         N/A       95%         3
 Airstrike                Air            0%         2d(0-16)  100%        4
 Animate Armour           Summ/Erth      0%         N/A       100%        4
 Animate Dead             Necr           0%         N/A       100%        4
 Iskenderun's Mystic Bla  Conj/Tloc      0%         2d3       100%        4
 Olgreb's Toxic Radiance  Pois           0%         N/A       100%        4
 Summon Lightning Spire   Summ/Air       0%         N/A       100%        4
 Agony                    Necr           0%         N/A       100%        5
 Blade Hands              Tmut           0%         N/A       100%        5
 Irradiate                Conj/Tmut      0%         3d11      100%        5
 Lightning Bolt           Conj/Air       0%         1d11      100%        5
 Silence                  Hex/Air        0%         N/A       100%        5
 Iron Shot                Conj/Erth      0%         9d1       100%        6
 Simulacrum               Ice/Necr       0%         N/A       100%        6
 Starburst                Conj/Fire      0%         6d3       100%        6
 Dragon Form              Tmut           0%         N/A       100%        7
 Malign Gateway           Summ/Tloc      0%         N/A       100%        7
 Summon Horrible Things   Summ           0%         N/A       100%        8


Dungeon Overview and Level Annotations

Branches:
Dungeon (15/15)            Temple (1/1) D:6            Lair (5/5) D:10
 Shoals (0/4) Lair:3        Snake (0/4) Lair:3        Slime (0/5) Lair:4
    Orc (0/2) D:9          Depths (0/4) D:15        Ossuary (visited)
  IceCv (1/1)
 Vaults: D:13-14

Altars:
Ashenzari
Cheibriados
Dithmenos
Elyvilon
Fedhas
Gozag
Hepliaklqana
Kikubaaqudgha
Makhleb
Nemelex Xobeh
Okawaru
Qazlal
Ru
Sif Muna
Trog
Uskayaw
Vehumet
Wu Jian
Xom
Yredelemnul
Zin
The Shining One

Shops:
D:8 (:(?

Annotations:
D:15 exclusion: ice statue
Lair:1 2 transporters, Puggon's ghost, journeyman TeAE


Message History

The freezing wraith hits you.
* * * LOW HITPOINT WARNING * * *
The freezing wraith freezes you. You resist.
You feel more protected from cold.
* * * LOW HITPOINT WARNING * * *
You block the freezing wraith's attack.
Okay, then.
Okay, then.
Okay, then.
A red film seems to cover your vision as you go berserk!
You feel yourself moving faster!
You feel mighty!
The freezing wraith hits you but does no damage.
The freezing wraith barely misses you. The freezing wraith hits you.
* * * LOW HITPOINT WARNING * * *
The freezing wraith freezes you. You resist.
* * * LOW HITPOINT WARNING * * *
The freezing wraith completely misses you.
You hit the freezing wraith but do no damage.
The freezing wraith is heavily damaged.
You hit the freezing wraith but do no damage.
The freezing wraith barely misses you.
The freezing wraith completely misses you.
The freezing wraith misses you. x2
Unknown command.
You slice the freezing wraith!!
You destroy the freezing wraith!
Qazlal accepts your kill.
You hit the freezing wraith.
The freezing wraith completely misses you.
The freezing wraith closely misses you. The harpy simulacrum claws you.
* * * LOW HITPOINT WARNING * * *
The harpy simulacrum freezes you. You resist.
* * * LOW HITPOINT WARNING * * *
The harpy simulacrum closely misses you.
Your base Maces & Flails skill increases to level 2!
You slice the harpy simulacrum!!
The harpy simulacrum vaporises!
Qazlal accepts your kill.
You slash the freezing wraith! The freezing wraith hits you.
You die...

#..☼○§°.# #.○§§§§#
#§§°§☼# ##. ##°☼§# #..
##§○### .... #☼§##
..... ##☼§# ####
.....###WZ#######..##
......#§W@##..##....##
......§§###..........#
.....☼§..#.......∩.∩.#
......##....##.......#
.....# ##..#####....##
..... #### ##..## .#.#
#### ##


You could see 2 freezing wraiths and a spriggan defender simulacrum.

Vanquished Creatures
  A very ugly thing (IceCv)
  A dire elephant (D:15)
  2 hydras
  3 centaur warriors (D:13)
  A dancing weapon (D:13)
  3 boulder beetles
  2 death yaks (Lair:1)
  2 two-headed ogres
  Urug (Lair:1)
  Nergalle (Lair:2)
  7 skeletal warriors
  2 spriggan simulacra (IceCv)
  A lindwurm (Lair:5)
  A phantasmal warrior (D:15)
  Pikel (D:7)
  A wolf spider (D:15)
  9 oklob plants
  5 cyclopes
  3 manticores (D:11)
  8 black mambas
  A guardian serpent (shapeshifter) (D:10)
  14 elephants
  2 torpor snails
  A salamander (D:15)
  23 cane toads
  Maggie (D:7)
  An unseen horror (D:12)
  Psyche (D:10)
  7 freezing wraiths
  4 rime drakes
  An efreet (D:10)
  8 komodo dragons
  5 ice devils (IceCv)
  A polar bear (Lair:5)
  4 tyrant leeches (Lair:5)
  5 trolls
  3 hornets
  8 slime creatures
  21 blink frogs
  Sigmund (D:4)
  A vampire (D:9)
  4 wraiths
  2 shadows (D:9)
  9 wyverns
  42 yaks
  A dire elephant simulacrum (IceCv)
  A basilisk (Lair:3)
  2 steam dragons
  A minotaur simulacrum (IceCv)
  9 vampire mosquitoes
  Edmund (D:4)
  A harpy simulacrum (IceCv)
  6 nagas (Lair:3)
  9 water moccasins
  A two-headed ogre zombie (D:9)
  2 orc warriors
  A sky beast (D:7)
  A black bear (D:6)
  3 ice beasts
  An alligator simulacrum (IceCv)
  An ogre (D:6)
  7 centaurs
  9 wolves
  A phantom (D:9)
  A kobold brigand (D:11)
  A necrophage (D:7)
  15 bullfrogs
  A scorpion (D:7)
  2 deep troll simulacra (IceCv)
  10 water moccasin zombies (Ossuary)
  5 wights (D:7)
  5 killer bees (D:10)
  4 electric eels
  A howler monkey (D:7)
  4 hounds
  A jelly (D:7)
  A gnoll bouda (D:7)
  3 orc priests
  2 iguanas
  9 orc wizards
  7 ogre zombies (D:9)
  2 mummies (Ossuary)
  7 adders
  9 gnolls
  A shadow imp (D:5)
  2 white imps
  3 adder zombies (Ossuary)
  2 worms (D:2)
  4 dart slugs
  43 orcs
  4 ball pythons
  4 bats
  6 endoplasms
  3 giant cockroaches
  2 gnoll zombies (Ossuary)
  9 goblins
  6 hobgoblins
  9 jackals
  A quokka (D:1)
  2 frilled lizards (D:1)
  A goblin skeleton (D:9)
  2 goblin zombies (D:9)
  A hobgoblin skeleton (D:9)
  6 hobgoblin zombies
  13 kobolds
  A kobold zombie (Ossuary)
  An orc skeleton (D:9)
  22 orc zombies
  3 rats
524 creatures vanquished.

Vanquished Creatures (collateral kills)
  Sonja (D:10)
  A lindwurm (Lair:4)
  5 yaks (Lair:3)
  A basilisk (Lair:1)
  A black bear (Lair:1)
  2 wolves (Lair:1)
11 creatures vanquished.

Vanquished Creatures (others)
  15 fungi
  114 plants
129 creatures vanquished.

Grand Total: 664 creatures vanquished

Notes
Turn   | Place    | Note
-------+----------+-------------------------------------------
     0 | D:1      | porpoise the Hill Orc Monk began the quest for the Orb.
     0 | D:1      | Reached XP level 1. HP: 19/19 MP: 1/1
   505 | D:1      | Reached XP level 2. HP: 27/27 MP: 2/2
  1214 | D:2      | Reached skill level 5 in Axes
  1308 | D:2      | Reached XP level 3. HP: 33/33 MP: 3/3
  1399 | D:2      | Identified the +0 cloak of Complete Protection {rF+}
  2202 | D:3      | Reached XP level 4. HP: 41/41 MP: 4/4
  2799 | D:4      | Noticed Edmund
  2810 | D:4      | Killed Edmund
  2811 | D:4      | Reached skill level 5 in Fighting
  2811 | D:4      | Reached XP level 5. HP: 39/48 MP: 5/5
  2878 | D:4      | Reached XP level 6. HP: 45/56 MP: 6/6
  3217 | D:4      | Noticed Sigmund
  3235 | D:4      | Killed Sigmund
  3236 | D:4      | Reached XP level 7. HP: 63/63 MP: 7/7
  3956 | D:5      | Entered Level 5 of the Dungeon
  3956 | D:5      | Found an iron altar of Okawaru.
  4001 | D:5      | Found a sand-covered staircase.
  4006 | Ossuary  | Entered an ossuary
  4050 | Ossuary  | Reached skill level 10 in Axes
  4070 | Ossuary  | Reached XP level 8. HP: 70/73 MP: 8/8
  5751 | D:6      | Reached XP level 9. HP: 82/82 MP: 9/9
  5769 | D:6      | Found a staircase to the Ecumenical Temple.
  5784 | Temple   | Entered the Ecumenical Temple
  6221 | D:7      | Noticed Pikel
  6242 | D:7      | Killed Pikel
  6249 | D:7      | Found a broken altar of Ashenzari.
  6259 | D:7      | Found a stormy altar of Qazlal.
  6261 | D:7      | Found a snail-covered altar of Cheibriados.
  6267 | D:7      | Became a worshipper of Qazlal Stormbringer
  6267 | D:7      | Reached * piety under Qazlal
  6267 | D:7      | Reached ** piety under Qazlal
  6295 | D:7      | Reached skill level 1 in Armour
  6427 | D:7      | Noticed Maggie
  6438 | D:7      | Killed Maggie
  6477 | D:7      | Reached XP level 10. HP: 71/91 MP: 10/10
  6557 | D:7      | Reached skill level 1 in Invocations
  6677 | D:7      | Found a bloodstained altar of Trog.
  6677 | D:7      | Found a sacrificial altar of Ru.
  6776 | D:7      | Reached skill level 2 in Invocations
  6894 | D:7      | Reached skill level 3 in Invocations
  7016 | D:7      | Reached skill level 4 in Invocations
  7123 | D:7      | Found an ornate altar of the Wu Jian Council.
  7127 | D:7      | Got Sif Muna's Codex of Black Rituals and Transmigration
  7270 | D:8      | Noticed a boulder beetle
  7280 | D:8      | Killed a boulder beetle
  7281 | D:8      | Reached skill level 15 in Axes
  7281 | D:8      | Reached skill level 5 in Invocations
  7303 | D:8      | Found Guguinta's Weapon Shoppe.
  7383 | D:8      | Found Vidire's Weapon Shop.
  7410 | D:8      | Reached skill level 6 in Invocations
  7538 | D:8      | Found Yruelioph's Book Emporium.
  7566 | D:8      | Found Nuh Ethre's Magic Scroll Boutique.
  7575 | D:8      | Bought a scroll of fog for 60 gold pieces
  7575 | D:8      | Bought a scroll of identify for 30 gold pieces
  7575 | D:8      | Bought a scroll of fear for 60 gold pieces
  7575 | D:8      | Bought a scroll of summoning for 142 gold pieces
  7823 | D:9      | Reached *** piety under Qazlal
  7846 | D:9      | Reached skill level 7 in Invocations
  7905 | D:9      | Found a staircase to the Orcish Mines.
  7924 | D:9      | Reached **** piety under Qazlal
  7931 | D:9      | Reached skill level 8 in Invocations
  7950 | D:9      | Noticed a two-headed ogre
  7957 | D:9      | Killed a two-headed ogre
  7958 | D:9      | Reached XP level 11. HP: 97/97 MP: 17/17
  7981 | D:9      | Reached skill level 9 in Invocations
  8199 | D:9      | Reached skill level 10 in Invocations
  8858 | D:10     | Entered Level 10 of the Dungeon
  8858 | D:10     | Noticed a cyclops
  8860 | D:10     | Noticed a cyclops
  8961 | D:10     | Noticed Sonja
  8968 | D:10     | Killed Sonja
  9022 | D:10     | Noticed a cyclops
  9046 | D:10     | Killed a cyclops
  9047 | D:10     | Reached skill level 5 in Armour
  9068 | D:10     | a floating eye changed into a swamp dragon
  9068 | D:10     | Noticed a swamp dragon (shapeshifter)
  9078 | D:10     | a swamp dragon changed into a guardian serpent
  9090 | D:10     | Killed a cyclops
  9097 | D:10     | Killed a cyclops
  9098 | D:10     | Reached skill level 11 in Invocations
  9155 | D:10     | Got the Codex of Toxic Terrain
  9199 | D:10     | Found an opulent altar of Gozag.
  9251 | D:10     | Reached skill level 5 in Dodging
  9413 | D:10     | Reached skill level 1 in Evocations
  9593 | D:10     | Found a staircase to the Lair.
  9631 | D:10     | Noticed Psyche
  9642 | D:10     | Killed Psyche
  9930 | Lair:1   | Entered Level 1 of the Lair of Beasts
  9930 | Lair:1   | Noticed Urug
  9930 | Lair:1   | Noticed a death yak
  9930 | Lair:1   | Noticed a death yak
  9935 | Lair:1   | Killed Urug
  9936 | Lair:1   | Reached skill level 12 in Invocations
  9947 | Lair:1   | Killed a death yak
  9948 | Lair:1   | Reached XP level 12. HP: 36/104 MP: 21/21
  9957 | Lair:1   | Killed a death yak
 10171 | Lair:1   | Reached skill level 13 in Invocations
 10293 | Lair:1   | Found a transporter.
 10295 | Lair:1   | Noticed Puggon's ghost (journeyman TeAE)
 10297 | Lair:1   | Found a transporter.
 11076 | Lair:2   | Noticed Nergalle
 11086 | Lair:2   | Killed Nergalle
 11201 | Lair:2   | Reached skill level 14 in Invocations
 11540 | Lair:2   | Reached skill level 5 in Evocations
 11579 | Lair:2   | Reached skill level 10 in Fighting
 11734 | Lair:2   | Reached skill level 15 in Invocations
 12329 | Lair:3   | Reached ***** piety under Qazlal
 12336 | Lair:3   | Reached XP level 13. HP: 65/114 MP: 18/24
 12383 | Lair:3   | You fall into a shaft and drop 2 floors!
 12383 | Lair:5   | Entered Level 5 of the Lair of Beasts
 12404 | Lair:5   | Reached skill level 16 in Invocations
 12682 | Lair:4   | Reached skill level 1 in Throwing
 12862 | Lair:4   | Reached skill level 17 in Invocations
 13139 | Lair:3   | Found a staircase to the Shoals.
 13409 | D:8      | Bought a +2 vampiric war axe for 247 gold pieces
 13646 | D:11     | Identified the +2 robe of Assurhye {Rampage Drain rN+ Will+
                  | SInv}
 13837 | D:11     | Found a sacrificial altar of Ru.
 14239 | D:11     | Reached skill level 18 in Invocations
 14631 | Lair:3   | Found an opulent altar of Gozag.
 14780 | Lair:3   | Found a staircase to the Snake Pit.
 15281 | Lair:4   | Found a staircase to the Slime Pits.
 15907 | Lair:4   | Reached XP level 14. HP: 89/127 MP: 27/27
 16215 | Lair:5   | Reached skill level 19 in Invocations
 16219 | Lair:5   | Reached skill level 5 in Throwing
 16880 | Lair:5   | Reached skill level 20 in Invocations
 16924 | Lair:5   | Reached ****** piety under Qazlal
 18249 | D:12     | Reached XP level 15. HP: 94/138 MP: 29/29
 19022 | D:13     | You fall into a shaft and drop 2 floors!
 19022 | D:15     | Entered Level 15 of the Dungeon
 19141 | D:15     | Reached skill level 21 in Invocations
 19235 | D:15     | Found a staircase to the Depths.
 19354 | D:15     | Found a frozen archway.
 19366 | IceCv    | Entered an ice cave
 19635 | IceCv    | Reached skill level 1 in Maces & Flails
 19858 | IceCv    | HP: 3/138 [freezing wraith (4)]
 19861 | IceCv    | HP: 1/207 [harpy simulacrum (1)]
 19862 | IceCv    | Slain by a freezing wraith

Illustrated notes

Levels and vault maps discovered:
D:1:      minmay_arrival_glassed_features, layout_basic
D:2:      layout_basic
D:3:      layout_loops_ring
D:4:      layout_cave_pools, serial_co_window_serial, co_window_corner_a,
          co_window_paths_a, co_window_paths_a, co_window_paths_a,
          co_window_of_opportunity_a, co_window_paths_b,
          co_window_of_opportunity_a, co_window_unsneaky_path_a,
          co_window_2corner, co_window_2corner, co_window_of_opportunity_b,
          co_window_2corner, co_window_of_opportunity_b, co_window_corner_b,
          co_window_4corner_b, co_window_paths_e, glass_columns_a,
          glass_columns_b, glass_columns_c, glass_columns_b, glass_columns_a,
          uniq_edmund, uniq_sigmund
D:5:      layout_layer_cave, mainiacjoe_overflow_tiny_flanked,
          nicolae_ossuary_entry_false_entrances
D:6:      layout_basic, minmay_temple_entry_grid, minmay_misc_feat_encased
D:7:      layout_basic, grunt_temple_overflow_open,
          nicolae_wu_jian_immortal_techniques, gammafunk_temple_overflow_pools,
          uniq_maggie, uniq_pikel
D:8:      layout_cave_pools, serial_shops, nicolae_diamond_shop,
          nicolae_shop_bloodbath_and_beyond, shop, shop,
          minmay_misc_feat_enclosed
D:9:      layout_layer_cave, zombieorc2_lemuel
D:10:     layout_long_grid, grunt_gozag_statues, dpeg_oklobed_lair,
          kennysheep_big_empty_room, st_stairs_8, minmay_misc_feat_square,
          minmay_diamond_spiral, uniq_sonja, uniq_psyche
D:11:     layout_roguey, nicolae_ru_sacrificial_ziggurat
D:12:     hangedman_arrow_trap, layout_loops_ring
D:13:     layout_roguey, erik_vaults_1
D:15:     hangedman_depths_entry_try_elsewhere_first, layout_loops_ring,
          portal_ice_cave_entry_ice_statue_one, serial_shops,
          nicolae_lakefront_shop, fountainhead, ebering_ghost_funeral_grove,
          hellmonk_bongcloud_opening, grunt_ministairs_6,
          nicolae_yredelemnul_corpse_copse
Temple:   nicolae_temple_great_sept
Lair:1:   layout_small_grid, gammafunk_ghost_arena,
          nicolae_quartered_pool_medium, uniq_urug
Lair:2:   minmay_lair_oklob_tunnel, layout_regular_city, beast_lair_carwin_11,
          serial_bayou_shore_a, lemuel_fruit_tree, uniq_nergalle
Lair:3:   layout_hall_layers, elwin_shoals_entry_rocks,
          minmay_snake_entry_guardpost_medium, basic_altar,
          chequers_serial_rivers_micro_a, st_stairs_8, minmay_lair_oklob_items
Lair:4:   beast_lair_carwin_large_3, layout_cave_pods, dpeg_slime_entry_corner
Lair:5:   minmay_lair_end_frog_pond, layout_long_grid,
          chequers_serial_rivers_micro_a, minivault_26, dpeg_oklob_1,
          infiniplex_staircase_pool
IceCv:    ice_cave_small_demon

Skill      XL: |  1  2  3  4  5  6  7  8  9 10 11 12 13 14 15 |
---------------+----------------------------------------------+-----
Fighting       | 4 5 6 7 8 9 10 12 14 | 14.0
Axes           | 5 7 8 10 12 14 15 16 | 16.0
Armour         | 3 4 6 7 9 |  9.2
Dodging        | 3 4 5 6 |  6.2
Invocations    | 8 12 15 18 20 21 | 21.0
Evocations     | 2 5 |  5.0
Throwing       | 4 6 |  6.0
Maces & Flails | 2 |  2.0
Stealth        | |  1.5

Action                   |  1- 3 |  4- 6 |  7- 9 | 10-12 | 13-15 || total
-------------------------+-------+-------+-------+-------+-------++-------
Melee: Hand axe          |   113 |    91 |   180 |   429 |   251 ||  1064
       Punch             |     1 |       |     5 |     7 |     8 ||    21
       Dire flail        |       |     9 |   198 |   299 |   346 ||   852
       War axe           |       |       |       |       |   589 ||   589
Throw: Dart              |       |     3 |     3 |    18 |       ||    24
Invok: Elemental Force   |       |       |       |     3 |     1 ||     4
Evoke: Wand              |       |       |       |     3 |     1 ||     4
  Use: Scroll            |     2 |     5 |     3 |    13 |     9 ||    32
       Potion            |       |     2 |       |       |    10 ||    12
 Stab: Paralysed         |       |       |       |     3 |     5 ||     8
       Invisible         |       |       |       |       |     7 ||     7
Armor: Scale mail        |    47 |    39 |    64 |   138 |   329 ||   617
Dodge: Dodged            |    45 |    55 |   229 |   400 |   907 ||  1636
       Repelled          |       |       |       |     4 |    10 ||    14
Block: Other             |       |       |     4 |    96 |   357 ||   457

Table legend: (Time is in decaauts)
 A = Elapsed time spent in this place.
 B = Non-inter-level travel time spent in this place.
 C = Inter-level travel time spent in this place.
 D = Time resting spent in this place.
 E = Time spent auto-exploring this place.
 F = Levels seen in this place.
 G = Mean time per level.
                   A        B        C        D        E       F      G
               +--------+--------+--------+--------+--------+-----+--------+
         Total |  19346 |  18047 |   1299 |   2539 |  10737 |  22 |  879.4 |
       Dungeon |  12028 |  11028 |   1000 |    904 |   7388 |  14 |  859.1 |
        Temple |     86 |     73 |     13 |      0 |     63 |   1 |   86.0 |
          Lair |   6276 |   5990 |    286 |   1140 |   3286 |   5 | 1255.2 |
       Ossuary |    465 |    465 |      0 |    203 |      0 |   1 |  465.0 |
      Ice Cave |    489 |    489 |      0 |    291 |      0 |   1 |  489.0 |
               +--------+--------+--------+--------+--------+-----+--------+

Top non-repeatable levels by time:
  Lair:4: 1454 daAuts
  Lair:2: 1269 daAuts
  Lair:1: 1266 daAuts
    D:10: 1258 daAuts
  Lair:5: 1239 daAuts
     D:9: 1208 daAuts
     D:4: 1199 daAuts
     D:1: 1116 daAuts
     D:7: 1086 daAuts
  Lair:3: 1046 daAuts
    D:11: 1024 daAuts
     D:5: 1013 daAuts
     D:2: 829 daAuts
     D:3: 802 daAuts
    D:12: 737 daAuts
